 Dungeon Crawl Stone Soup version 0.32-a0-20-ge526923d97 (webtiles) character file.

Game seed: 5402772505850205281

2606 gelatine the Skirmisher (level 9, -5/68 HPs)
             Began as a Demonspawn Hunter on Jan 17, 2024.
             Slain by a two-headed ogre
             ... wielding a +0 giant club
              (21 damage)
             ... on level 8 of the Dungeon.
             The game lasted 00:17:45 (6910 turns).

gelatine the Skirmisher (Demonspawn Hunter)         Turns: 6910, Time: 00:17:46

Health: -5/68      AC: 14    Str: 11    XL:     9   Next: 33%
Magic:  9/9        EV: 16    Int: 10    God:
Gold:   398        SH:  6    Dex: 21    Spells: 7/9 levels left

rFire   . . .        C - +0 sling
rCold   . . .        r - +1 buckler
rNeg    . . .        E - +0 steam dragon scales
rPois   .            (no helmet)
rElec   .            (no cloak)
rCorr   .            H - +0 pair of gloves
SInv    .            (no boots)
Will    .....        (no amulet)
Stlth   ++           l - +4 ring of protection
HPRegen 0.31/turn    m - +4 ring of protection
MPRegen 0.11/turn

%: no passive effects
@: no status effects
A: repulsion field 2, demonic magic 3, weakness stinger 2
a: no special abilities


You were on level 8 of the Dungeon.
You visited 2 branches of the dungeon, and saw 9 of its levels.
You also visited: Sewer and Ossuary.

You collected 398 gold pieces.

Inventory:

Hand Weapons
 a - a +0 shortbow
 C - a +0 sling (weapon)
Missiles
 e - 4 darts of dispersal
Armour
 o - the +1 scale mail "Qopsuc" {Regen+ Str+3}
   (You took it off a goblin on level 3 of the Dungeon)

   Str+3:     It affects your strength (+3).
   Regen+:    It increases your rate of health regeneration.
 r - a +1 buckler (worn)
 w - a +0 pair of gloves
 E - +0 steam dragon scales (worn)
 H - a +0 pair of gloves (worn)
Jewellery
 c - a +5 ring of evasion
 l - a +4 ring of protection (left hand)
 m - a +4 ring of protection (right hand)
 q - a +6 ring of intelligence
Wands
 B - a wand of roots (8)
 D - a wand of light (7)
Scrolls
 b - 3 scrolls of butterflies
 d - 3 scrolls of fog
 f - a scroll of brand weapon
 h - 2 scrolls of blinking
 j - a scroll of immolation
 s - 5 scrolls of enchant weapon
 x - a scroll of amnesia {unknown}
 y - a scroll of torment
 z - a scroll of silence {unknown}
 A - a scroll of enchant armour
 G - a scroll of noise {unknown}
Potions
 g - a potion of lignification
 i - a potion of invisibility
 k - a potion of mutation
 n - 3 potions of heal wounds {unknown}
 p - 2 potions of attraction
 t - 2 potions of curing {unknown}
 u - 4 potions of cancellation {unknown}
 v - 4 potions of haste {unknown}
 F - a potion of resistance {unknown}


   Skills:
 * Level 5.0 Fighting
 * Level 10.0 Ranged Weapons
 * Level 3.0 Armour
 * Level 3.1 Dodging
 + Level 1.2 Stealth
 * Level 1.8 Shields
 * Level 0.6 Spellcasting
 * Level 1.7 Translocations
 * Level 0.7 Evocations


You had 7 spell levels left.
You knew the following spells:

 Your Spells              Type           Power      Damage    Failure   Level
a - Blink                 Tloc           6%         N/A       36%         2

Your spell library contained the following spells:

 Spells                   Type           Power      Damage    Failure   Level
 Lesser Beckoning         Tloc           6%         N/A       36%         2
 Magic Dart               Conj           0%         1d3       47%         1
 Momentum Strike          Conj/Tloc      4%         3d8       50%         2
 Gell's Gravitas          Tloc           3%         N/A       58%         3
 Teleport Other           Tloc           3%         N/A       58%         3
 Mercury Vapours          Alch/Air       0%         N/A       63%         2
 Searing Ray              Conj           0%         2d4       63%         2
 Call Canine Familiar     Summ           0%         N/A       85%         3
 Mephitic Cloud           Conj/Alch/Air  0%         N/A       85%         3
 Sigil of Binding         Hex            0%         N/A       85%         3
 Dimensional Bullseye     Hex/Tloc       1%         N/A       98%         4
 Fulminant Prism          Conj/Alch      0%         3d5       99%         4
 Freezing Cloud           Conj/Ice/Air   0%         6-21      100%        5
 Dispersal                Tloc           1%         N/A       100%        6


Dungeon Overview and Level Annotations

Branches:
Dungeon (8/15)             Temple (1/1) D:4           Sewer (visited)
Ossuary (visited)
   Lair: D:8-11

Altars:
Ashenzari
Dithmenos
Fedhas
Gozag
Hepliaklqana
Kikubaaqudgha
Makhleb
Nemelex Xobeh
Okawaru
Qazlal
Ru
Sif Muna
Trog
Uskayaw
Vehumet
Wu Jian
Yredelemnul

Shops:
D:6 =

Annotations:
D:7 1 runed translucent door, Azoth's ghost, novice DECj


Innate Abilities, Weirdness & Mutations

You are surrounded by a moderate repulsion field. (EV +3)
Spells you cast and wands you use may paralyse nearby enemies.
You have a tail ending in a sharp stinger.


Message History

You shoot a sling bullet.
The sling bullet hits the two-headed ogre.
The two-headed ogre is heavily wounded.
You block the two-headed ogre's attack.
The two-headed ogre hits you with a +0 giant club!
You shoot a sling bullet.
The sling bullet hits the two-headed ogre!
The two-headed ogre is heavily wounded.
You shoot a sling bullet.
The sling bullet hits the two-headed ogre!
The two-headed ogre is severely wounded.
You block the two-headed ogre's attack.
The two-headed ogre completely misses you.
You shoot a sling bullet.
The sling bullet hits the two-headed ogre.
The two-headed ogre is severely wounded.
The two-headed ogre misses you. You block the two-headed ogre's attack.
You shoot a sling bullet.
The sling bullet hits the two-headed ogre.
The two-headed ogre is almost dead.
You shoot a sling bullet.
The sling bullet hits the two-headed ogre.
The two-headed ogre is almost dead.
The two-headed ogre hits you with a +0 giant club!
The two-headed ogre completely misses you.
You shoot a sling bullet.
The sling bullet barely misses the two-headed ogre.
The two-headed ogre hits you with a +0 giant club!!
* * * LOW HITPOINT WARNING * * *
The two-headed ogre barely misses you.
You are too injured to fight recklessly!
You are too injured to fight recklessly!
You are too injured to fight recklessly!
You shoot a sling bullet.
The sling bullet completely misses the two-headed ogre.
You shoot a sling bullet.
The sling bullet hits the two-headed ogre.
The two-headed ogre is almost dead.
The two-headed ogre hits you with a +0 giant club!!
You die...

## ##. .. # .###.#
####...# #.@O..#
#.##### .## #.# ...
#.# ###... #.# #.....
#.## #..... #..##
#.....
####...##########.....
+.....................


You could see a two-headed ogre.

Vanquished Creatures
  Maggie (D:7)
  A steam dragon (D:7)
  A water moccasin (D:7)
  Pargi (Sewer)
  6 ogres
  2 centaurs
  A phantom (D:7)
  2 brain worms (Sewer)
  4 scorpions
  6 killer bees (D:7)
  A bombardier beetle (D:4)
  4 jellies
  A hound (D:7)
  3 iguanas
  An orc wizard (D:7)
  4 crocodile zombies (Ossuary)
  2 mummies (Ossuary)
  4 gnolls (D:4)
  5 adders
  A shadow imp (D:5)
  A white imp (D:4)
  2 ribbon worms
  18 orcs
  4 bats
  3 endoplasms (D:1)
  8 giant cockroaches
  8 goblins
  3 hobgoblins
  8 quokkas
  4 ball pythons
  4 frilled lizards
  3 gnoll zombies (Ossuary)
  11 kobolds
  4 kobold zombies (Ossuary)
  7 rats
139 creatures vanquished.

Vanquished Creatures (others)
  A sky beast (D:7)
1 creature vanquished.

Grand Total: 140 creatures vanquished

Notes
Turn   | Place    | Note
-------+----------+-------------------------------------------
     0 | D:1      | gelatine the Demonspawn Hunter began the quest for the Orb.
     0 | D:1      | Reached XP level 1. HP: 16/16 MP: 1/1
    94 | D:1      | Reached skill level 4 in Ranged Weapons
    94 | D:1      | Gained mutation: You have a small tail. [demonic ancestry]
    94 | D:1      | Reached XP level 2. HP: 15/22 MP: 2/2
   166 | D:1      | Found a faded altar of an unknown god.
   986 | D:2      | Reached XP level 3. HP: 24/27 MP: 3/3
  1483 | D:3      | Gained mutation: You have a tail ending in a sharp stinger.
                  | [demonic ancestry]
  1483 | D:3      | Reached XP level 4. HP: 28/34 MP: 4/4
  1583 | D:3      | Identified the +1 scale mail "Qopsuc" {Regen+ Str+3}
  1598 | D:3      | Reached skill level 1 in Armour
  2355 | D:4      | Noticed an ogre
  2364 | D:4      | Killed an ogre
  2365 | D:4      | Reached skill level 5 in Ranged Weapons
  2365 | D:4      | Gained mutation: You are surrounded by a mild repulsion
                  | field. (EV +2) [demonic ancestry]
  2365 | D:4      | Reached XP level 5. HP: 27/39 MP: 5/5
  2807 | D:4      | Found a staircase to the Ecumenical Temple.
  2877 | D:4      | Reached skill level 6 in Ranged Weapons
  2877 | D:4      | Gained mutation: You are surrounded by a moderate repulsion
                  | field. (EV +3) [demonic ancestry]
  2877 | D:4      | Reached XP level 6. HP: 44/46 MP: 6/6
  3055 | D:4      | Found a glowing drain.
  3066 | Sewer    | Entered a sewer
  3244 | Sewer    | Noticed Pargi
  3260 | Sewer    | Killed Pargi
  3261 | Sewer    | Reached skill level 1 in Stealth
  3261 | Sewer    | Gained mutation: Spells you cast may paralyse adjacent
                  | enemies. [demonic ancestry]
  3261 | Sewer    | Reached XP level 7. HP: 51/52 MP: 7/7
  3585 | D:4      | Reached skill level 7 in Ranged Weapons
  3797 | D:5      | Entered Level 5 of the Dungeon
  3960 | D:5      | Found a sand-covered staircase.
  3969 | Ossuary  | Entered an ossuary
  4184 | D:5      | Reached skill level 8 in Ranged Weapons
  4475 | D:5      | Gained mutation: Spells you cast may paralyse nearby
                  | enemies. [demonic ancestry]
  4475 | D:5      | Reached XP level 8. HP: 60/60 MP: 8/8
  4992 | D:6      | Found Pixzauxo's Jewellery Emporium.
  5239 | D:6      | Found an opulent altar of Gozag.
  5309 | D:6      | Found a hazy altar of Hepliaklqana.
  5552 | D:4      | Reached skill level 9 in Ranged Weapons
  5615 | Temple   | Entered the Ecumenical Temple
  5715 | D:7      | Noticed Maggie
  5743 | D:7      | Killed Maggie
  5918 | D:7      | Learned a level 2 spell: Blink
  5919 | D:7      | Found a runed translucent door.
  5919 | D:7      | Noticed a cyclops
  5919 | D:7      | Noticed Azoth's ghost (novice DECj)
  5992 | D:7      | Found a blossoming altar of Fedhas.
  6049 | D:7      | Reached skill level 1 in Shields
  6062 | D:7      | Gained mutation: Spells you cast and wands you use may
                  | paralyse nearby enemies. [demonic ancestry]
  6062 | D:7      | Reached XP level 9. HP: 57/67 MP: 9/9
  6250 | D:7      | Found an ornate altar of the Wu Jian Council.
  6285 | D:7      | Found a shadowy altar of Dithmenos.
  6387 | D:7      | Reached skill level 5 in Fighting
  6389 | D:7      | Reached skill level 1 in Translocations
  6688 | D:7      | Reached skill level 10 in Ranged Weapons
  6892 | D:8      | Noticed a two-headed ogre
  6910 | D:8      | Slain by a two-headed ogre

Illustrated notes

Levels and vault maps discovered:
D:1:      minmay_arrival_radiant_lines, layout_basic, serial_rivers,
          chequers_serial_rivers_small_3, chequers_serial_rivers_large_a,
          chequers_serial_rivers_micro_a, chequers_serial_rivers_room_a,
          chequers_serial_rivers_micro_b, hellmonk_ecumenical_altar_lost_god
D:2:      layout_rooms
D:3:      layout_loops_corners, nicolae_concentric_dashed_squares_mild,
          minmay_quadrilaterals
D:4:      layout_basic, minmay_temple_entry_sparse_star, portal_sewer_entry_b
D:5:      layout_loops_cross, lightli_ossuary_entry_decrepit_ruins
D:6:      layout_cave_pools, nicolae_gozag_cash_rules_everything_around_me,
          nzn_hepliaklqana_mist_gate, serial_shops,
          nicolae_shop_back_alley_shop, minmay_hedge_maze
D:7:      layout_basic, fedhas_altar_3, mainiacjoe_overflow_big_doors,
          ebering_ghost_inner_flame, uniq_maggie
D:8:      layout_loops_corners, mainiacjoe_overflow_alcove_2,
          david_defended_altar_orc, uniq_jeremiah
Temple:   nicolae_temple_superstar

Skill      XL: |  1  2  3  4  5  6  7  8  9 |
---------------+----------------------------+-----
Ranged Weapons | 4 5 6 8 9 10 | 10.0
Dodging        | 2 3 |  3.1
Armour         | 1 2 3 |  3.0
Fighting       | 3 4 5 |  5.0
Stealth        | 1 |  1.2
Shields        | 1 |  1.8
Translocations | 1 |  1.7
Spellcasting   | |  0.6
Evocations     | |  0.7

Action                     |  1- 3 |  4- 6 |  7- 9 || total
---------------------------+-------+-------+-------++-------
   Fire: Shortbow          |   119 |   146 |   233 ||   498
         Sling             |       |       |   235 ||   235
  Evoke: Wand              |       |       |     2 ||     2
    Use: Scroll            |     4 |     7 |     3 ||    14
 Armour: Leather armour    |    28 |    62 |    61 ||   151
         Steam dragon scal |       |       |    76 ||    76
         Scale mail        |       |       |    15 ||    15
  Dodge: Dodged            |    18 |   103 |   199 ||   320
  Block: Buckler           |       |       |    56 ||    56

Table legend: (Time is in decaauts)
 A = Elapsed time spent in this place.
 B = Non-inter-level travel time spent in this place.
 C = Inter-level travel time spent in this place.
 D = Time resting spent in this place.
 E = Time spent auto-exploring this place.
 F = Levels seen in this place.
 G = Mean time per level.
                   A        B        C        D        E       F      G
               +--------+--------+--------+--------+--------+-----+--------+
         Total |   6997 |   6275 |    722 |      0 |   4942 |  11 |  636.1 |
       Dungeon |   6576 |   5855 |    721 |      0 |   4718 |   8 |  822.0 |
        Temple |      1 |      0 |      1 |      0 |      0 |   1 |    1.0 |
         Sewer |    217 |    217 |      0 |      0 |    146 |   1 |  217.0 |
       Ossuary |    202 |    202 |      0 |      0 |     78 |   1 |  202.0 |
               +--------+--------+--------+--------+--------+-----+--------+

Top non-repeatable levels by time:
     D:4: 1382 daAuts
     D:7: 1097 daAuts
     D:1: 972 daAuts
     D:5: 970 daAuts
     D:3: 952 daAuts
     D:6: 619 daAuts
     D:2: 483 daAuts
   Sewer: 217 daAuts
 Ossuary: 202 daAuts
     D:8: 97 daAuts
  Temple: 1 daAuts
